 Dungeon Crawl Stone Soup version 0.31-a0-675-g238779eb0a (webtiles) character file.

Game seed: 9367046530790179917

749 qw the Skirmisher (level 7, -12/44 HPs)
             Began as a Gargoyle Hunter on Sept 5, 2023.
             Mangled by an orc warrior
             ... wielding a +0 scimitar
              (13 damage)
             ... on level 6 of the Dungeon.
             The game lasted 00:01:26 (4272 turns).

qw the Skirmisher (Gargoyle Hunter)                 Turns: 4272, Time: 00:01:27

Health: -12/44     AC: 17    Str: 18    XL:     7   Next: 78%
Magic:  7/7        EV: 11    Int:  9    God:
Gold:   250        SH:  0    Dex: 14    Spells: 6/6 levels left

rFire   . . .        Y - +1 longbow
rCold   . . .        (shield currently unavailable)
rNeg    + . .        e - +0 ring mail
rPois   inf          g - +2 helmet
rElec   +            (no cloak)
rCorr   .            s - +0 pair of gloves
SInv    .            c - +2 pair of boots
Will    .....        (no amulet)
Stlth   +            (no ring)
HPRegen 0.27/turn    (no ring)
MPRegen 0.10/turn

%: clarity
@: no status effects
A: sickness immunity, AC +4, negative energy resistance 1, electricity
resistance, torment resistance 1, petrification resistance, clarity, strong 1
a: no special abilities


You were on level 6 of the Dungeon.
You visited 1 branch of the dungeon, and saw 6 of its levels.

You collected 412 gold pieces.
You spent 162 gold pieces at shops.


Innate Abilities, Weirdness & Mutations

You are immune to sickness and miasma.
Your stone body is resilient. (AC +4)
You are immune to poison.
You resist negative energy. (rN+)
You are resistant to electric shocks. (rElec)
You are resistant to unholy torment.
You are immune to petrification.
You possess an exceptional clarity of mind.
Your muscles are strong. (Str +4, Int/Dex -1)


   Skills:
 + Level 4.6 Fighting
 - Level 8.0 Ranged Weapons
 - Level 2.7 Armour
 - Level 1.5 Dodging
 - Level 1.1 Stealth


You had 6 spell levels left.
You didn't know any spells.
Your spell library was empty.

Inventory:

Hand Weapons
 Y - a +1 longbow (weapon)
Armour
 c - a +2 pair of boots (worn)
 e - a +0 ring mail (worn)
 g - a +2 helmet (worn)
 s - a +0 pair of gloves (worn)
Wands
 r - a wand of digging (6)
Scrolls
 k - a scroll of identify
Potions
 a - a potion of berserk rage {unknown}
 d - a potion of mutation
 h - a potion of cancellation
 j - 2 potions of enlightenment
 m - 2 potions of curing {unknown}
 n - a potion of haste {unknown}
 o - a potion of heal wounds {unknown}

Dungeon Overview and Level Annotations

Branches:
Dungeon (6/15)
 Temple: D:4-7

Altars:
Cheibriados

Shops:
D:2 *   D:5 *

Annotations:
D:4 2 transporters, qw's ghost, amateur MiHs
D:5 1 runed translucent door, Crazy Yiuf; Duvessa


Message History

The orc warrior hits you with a +0 scimitar.
You shoot an arrow. The arrow hits the orc warrior!
The orc warrior is heavily wounded.
The orc warrior hits you with a +0 scimitar.
An orc wizard comes into view. It is wielding a +0 dagger.
You shoot an arrow. The arrow hits the orc warrior.
The orc warrior is heavily wounded.
The orc warrior hits you but does no damage.
The orc wizard casts a spell.
The orc wizard flickers and vanishes!
Deactivating autopickup; reactivate with Ctrl-A.
The orc warrior hits you with a +0 scimitar.
You shoot an arrow.
The arrow closely misses the orc warrior.
The arrow closely misses the bullfrog.
The arrow closely misses the orc.
A howler monkey comes into view.
The orc warrior hits you with a +0 scimitar!
You shoot an arrow.
The arrow hits the orc warrior but does no damage.
The orc warrior is heavily wounded.
The orc warrior misses you.
The howler monkey hoots and howls with incredible vigour!
A hobgoblin comes into view.
The orc warrior barely misses you.
You shoot an arrow.
The arrow closely misses the orc warrior.
The arrow hits the bullfrog.
The bullfrog is moderately wounded.
The orc warrior hits you with a +0 scimitar.
You shoot an arrow. The arrow hits the orc warrior.
The orc warrior is severely wounded.
The bullfrog snags a nearby butterfly with its tongue.
The orc warrior hits you with a +0 scimitar.
You shoot an arrow.
The arrow barely misses the orc warrior.
The arrow hits the bullfrog.
The bullfrog is heavily wounded.
The orc warrior hits you with a +0 scimitar.
The orc warrior hits you with a +0 scimitar!
You die...

#.# ### #.# #.. #.# #.#
###.#####.# #.......#.#
##.#.###.#.# #
##..#.###.#.# .#.#
####.......#g#l###....##
+.........<.o.Fo@.....<.
####.......#h#####...###
##........# .##
##.....### # ###.### #.#
#.# #.# #.#


You could see an orc warrior, a bullfrog, a howler monkey, an iguana, an orc and
a hobgoblin.

Vanquished Creatures
  An ice beast (D:5)
  A black bear (D:5)
  Dowan (D:5)
  A howler monkey (D:5)
  5 hounds
  2 orc wizards
  3 iguanas
  3 gnolls (D:3)
  8 adders
  A worm (D:2)
  5 dart slugs
  9 orcs
  5 ball pythons
  6 bats
  7 endoplasms
  3 giant cockroaches
  7 goblins
  4 hobgoblins
  2 jackals (D:4)
  3 quokkas
  5 frilled lizards
  9 kobolds
  7 rats
98 creatures vanquished.

Notes
Turn   | Place    | Note
-------+----------+-------------------------------------------
     0 | D:1      | qw the Gargoyle Hunter began the quest for the Orb.
     0 | D:1      | Reached XP level 1. HP: 12/12 MP: 1/1
     0 | D:1      | 0 ||| qw: Version: 0.3-a-75-g829b12e
     0 | D:1      | 0 ||| qw: Game counter: 40
     0 | D:1      | 0 ||| qw: Melee chars always use a shield: true
     0 | D:1      | 0 ||| qw: God list: Okawaru
     0 | D:1      | 0 ||| qw: Allow faded altars: false
     0 | D:1      | 0 ||| qw: Do Orc after clearing Dungeon:15 true
     0 | D:1      | 0 ||| qw: Do second Lair branch before Depths: true
     0 | D:1      | 0 ||| qw: Lair rune preference: random
     0 | D:1      | 0 ||| qw: Goals: Normal
     0 | D:1      | 0 ||| PLANNING D:1-11
    86 | D:1      | Reached XP level 2. HP: 17/17 MP: 2/2
   600 | D:1      | Reached XP level 3. HP: 21/21 MP: 3/3
   665 | D:1      | Reached skill level 5 in Ranged Weapons
   883 | D:1      | 883 ||| UPGRADING to +0 ring mail.
   893 | D:1      | 893 ||| DROPPING +0 leather armour.
   894 | D:1      | 894 ||| READING scroll labelled KANU ALYPPIADA.
   895 | D:1      | 895 ||| DROPPING scroll of butterflies.
   969 | D:2      | Found Emejulo's General Store.
   979 | D:2      | 979 ||| SHOPLISTING +2 leather armour of Ihen {Regen+ Int+3
                  | Dex+3} (379 gold, have 87).
   979 | D:2      | 979 ||| SHOPLISTING potion of haste (120 gold, have 87).
  1035 | D:2      | 1035 ||| SWAPPING to +0 orcbow.
  1036 | D:2      | 1036 ||| DROPPING +0 shortbow.
  1098 | D:2      | Reached skill level 1 in Armour
  1098 | D:2      | Found the +7 mace of Variability {chaos, chaos arc}
  1121 | D:2      | 1121 ||| SWAPPING to +0 longbow.
  1122 | D:2      | 1122 ||| DROPPING +0 orcbow.
  1399 | D:2      | Reached skill level 3 in Fighting
  1399 | D:2      | Reached XP level 4. HP: 25/28 MP: 4/4
  1770 | D:2      | 1770 ||| UPGRADING to +2 pair of boots.
  1775 | D:2      | 1775 ||| READING scroll labelled AGYIMANASA.
  1780 | D:2      | 1780 ||| READING 2 scrolls labelled ROEDDAOKKICH.
  1781 | D:2      | 1781 ||| DRINKING 2 clear potions.
  1982 | D:3      | Reached XP level 5. HP: 32/32 MP: 5/5
  2056 | D:3      | Found a snail-covered altar of Cheibriados.
  2206 | D:3      | 2206 ||| UPGRADING to +2 helmet.
  2211 | D:3      | 2211 ||| READING scroll labelled QOIRICLYATH.
  2212 | D:3      | 2212 ||| DRINKING 2 smoky emerald potions.
  2213 | D:3      | 2213 ||| DRINKING 2 viscous orange potions.
  2214 | D:3      | 2214 ||| DROPPING potion of degeneration.
  2215 | D:3      | 2215 ||| DROPPING potion of attraction.
  2275 | D:4      | Reached skill level 6 in Ranged Weapons
  2310 | D:4      | Found a transporter.
  2313 | D:4      | Noticed qw's ghost (amateur MiHs)
  2314 | D:4      | Found a transporter.
  2315 | D:4      | Noticed an ice beast
  2403 | D:4      | Reached XP level 6. HP: 38/38 MP: 6/6
  3140 | D:4      | 3140 ||| DROPPING +2 helmet.
  3165 | D:5      | Entered Level 5 of the Dungeon
  3165 | D:5      | Found Vacep's Assorted Antiques.
  3170 | D:5      | 3170 ||| BUYING bronze wand (108 gold).
  3170 | D:5      | Bought a bronze wand for 108 gold pieces
  3170 | D:5      | 3170 ||| SHOPLISTING heavily runed quicksilver dragon
                  | scales (1755 gold, have 203).
  3170 | D:5      | 3170 ||| SHOPLISTING pair of fine gloves (256 gold, have
                  | 203).
  3170 | D:5      | 3170 ||| BUYING scroll labelled REIKOVEVUPN (27 gold).
  3170 | D:5      | Bought a scroll labelled REIKOVEVUPN for 27 gold pieces
  3170 | D:5      | 3170 ||| BUYING scroll labelled TAFAIF QEIMYCVUNAU (27
                  | gold).
  3170 | D:5      | Bought a scroll labelled TAFAIF QEIMYCVUNAU for 27 gold
                  | pieces
  3183 | D:5      | Noticed a black bear
  3185 | D:5      | Reached skill level 7 in Ranged Weapons
  3192 | D:5      | Killed a black bear
  3193 | D:5      | Reached XP level 7. HP: 25/43 MP: 7/7
  3532 | D:5      | Noticed Dowan
  3544 | D:5      | Killed Dowan
  3557 | D:5      | Noticed Duvessa
  3565 | D:5      | HP: 7/43 [Duvessa/+0 short sword (14)]
  3566 | D:5      | 3566 ||| READING scroll of teleportation.
  3959 | D:5      | Reached skill level 8 in Ranged Weapons
  4045 | D:5      | Found a runed translucent door.
  4046 | D:5      | Noticed Crazy Yiuf
  4175 | D:5      | 4175 ||| UPGRADING to +0 pair of gloves.
  4180 | D:5      | 4180 ||| READING scroll labelled REIKOVEVUPN.
  4181 | D:5      | 4181 ||| READING scroll labelled TAFAIF QEIMYCVUNAU.
  4182 | D:5      | 4182 ||| READING scroll labelled TOFASY XAODIODD.
  4183 | D:5      | 4183 ||| READING scroll labelled LULUMU TETT.
  4184 | D:5      | 4184 ||| DRINKING 2 fizzy coppery potions.
  4184 | D:5      | Gained mutation: You possess an exceptional clarity of
                  | mind. [potion of mutation]
  4184 | D:5      | Gained mutation: Your muscles are strong. (Str +4, Int/Dex
                  | -1) [potion of mutation]
  4185 | D:5      | 4185 ||| DRINKING 2 fizzy emerald potions.
  4186 | D:5      | 4186 ||| DRINKING 3 cyan potions.
  4187 | D:5      | 4187 ||| DROPPING wand of charming (2).
  4188 | D:5      | 4188 ||| DROPPING potion of brilliance.
  4263 | D:6      | 4263 ||| Stepping ~*~*~tactically~*~*~ (retreating).
  4270 | D:6      | HP: 11/44 [orc warrior/+0 scimitar (4)]
  4272 | D:6      | HP: 1/44 [orc warrior/+0 scimitar (5)]
  4272 | D:6      | Mangled by an orc warrior

Levels and vault maps discovered:
D:1:      dpeg_arrival_renting, layout_loops_ring
D:2:      layout_basic, serial_shops, nicolae_shop_tiny_waterfront
D:3:      layout_rooms, mainiacjoe_overflow_tiny_flanked
D:4:      layout_loops_corners, gammafunk_ghost_arena, nrook_mini_backslash,
          grunt_ministairs_14
D:5:      layout_cave_pods, serial_shops, shop, kennysheep_generic_room_16,
          uniq_crazy_yiuf_cottage, uniq_duvessa
D:6:      kennysheep_housing_project, layout_loops_corners, xom_teletrap_fun,
          zin_statuary, minmay_temple_entry_mist, ebering_ghost_disaster_area,
          minmay_misc_feat_plants

Skill      XL: |  1  2  3  4  5  6  7 |
---------------+----------------------+-----
Ranged Weapons | 5 6 7 8 |  8.0
Armour         | 1 2 |  2.7
Fighting       | 3 4 |  4.6
Dodging        | |  1.5
Stealth        | |  1.1

Action                     |  1- 3 |  4- 6 |  7- 9 || total
---------------------------+-------+-------+-------++-------
   Fire: Shortbow          |    73 |       |       ||    73
         Longbow           |    27 |   132 |    71 ||   230
         Orcbow            |    12 |       |       ||    12
    Use: Scroll            |     1 |     3 |     5 ||     9
         Potion            |       |     3 |     3 ||     6
 Armour: Leather armour    |    19 |       |       ||    19
         Ring mail         |    15 |    65 |    49 ||   129
  Dodge: Dodged            |    37 |    60 |    19 ||   116

Table legend:
 A = Non-vault XP
 B = Vault XP
 C = Vault XP percentage of total XP
 D = Non-vault monster count
 E = Vault monster count
 F = Vault count percentage of total count
                 A         B        C        D         E       F
            +---------+---------+-------+---------+---------+-------
      Total |     918 |     153 |  14.3 |      94 |       4 |   4.1
            +---------+---------+-------+---------+---------+-------
        D:1 |      44 |       0 |   0.0 |      26 |       0 |   0.0
        D:2 |      74 |       0 |   0.0 |      21 |       0 |   0.0
        D:3 |      98 |       0 |   0.0 |      13 |       0 |   0.0
        D:4 |     180 |      44 |  19.6 |      19 |       2 |   9.5
        D:5 |     484 |     109 |  18.4 |      13 |       2 |  13.3
        D:6 |      38 |       0 |   0.0 |       2 |       0 |   0.0
            +---------+---------+-------+---------+---------+-------
